 Dungeon Crawl Stone Soup version 0.29.0-4-gdea44cf6ec (webtiles) character file.

Game seed: 16290750350586734680

87 qw the Chopper (level 4, -1/26 HPs)
             Began as a Tengu Warper on Aug 28, 2022.
             Killed from afar by a white imp (2 damage)
             ... with a puff of frost
             ... summoned by Natasha
             ... on level 3 of the Dungeon.
             The game lasted 00:00:12 (1873 turns).

qw the Chopper (Tengu Warper)                       Turns: 1873, Time: 00:00:13

Health: -1/26      AC:  9    Str: 13    XL:     4   Next: 51%
Magic:  8/8        EV: 11    Int: 14    God:
Gold:   148        SH:  0    Dex: 13    Spells: 7/7 levels left

rFire   . . .      SeeInvis .   Y - +0 hand axe
rCold   + + .      Faith    .   (no shield)
rNeg    . . .      Spirit   .   e - +0 ring mail of Wyetuetasm {*Slow Fly rPois rC++}
rPois   +          Reflect  .   (helmet restricted)
rElec   .          Harm     .   f - scarf {repulsion}
rCorr   .          Rampage  .   (no gloves)
Will    .....                   (boots unavailable)
Stlth   +.........              (no amulet)
HPRegen 0.08/turn               i - +4 ring of protection
MPRegen 0.11/turn               (no ring)

@: flying, repel missiles
A: beak, talons 3
a: no special abilities


You were on level 3 of the Dungeon.
You visited 1 branch of the dungeon, and saw 3 of its levels.

You collected 148 gold pieces.


Innate Abilities, Weirdness & Mutations

You have a beak for a mouth.
You have claws for feet.


   Skills:
 - Level 2.0 Fighting
 + Level 5.1 Axes
 - Level 1.0 Throwing
 - Level 1.1 Armour
 - Level 2.1 Dodging
 - Level 2.0 Spellcasting
 - Level 2.4 Translocations


You had 7 spell levels left.
You didn't know any spells.
Your spell library contained the following spells:

 Spells                   Type           Power      Damage    Failure   Level
 Blink                    Tloc           16%        N/A       28%         2
 Gell's Gravitas          Tloc           8%         N/A       50%         3
 Lesser Beckoning         Tloc           8%         N/A       50%         3
 Teleport Other           Tloc           8%         N/A       50%         3
 Manifold Assault         Tloc           8%         N/A       99%         5

Inventory:

Hand Weapons
 h - a +0 flail
 Y - a +0 hand axe (weapon)
Armour
 a - a +0 chain mail
 e - the +0 ring mail of Wyetuetasm (worn) {*Slow Fly rPois rC++}
   (You found it on level 2 of the Dungeon)

   rC:        It greatly protects you from cold.
   rPois:     It protects you from poison.
   Fly:       It grants you flight.
   *Slow:     It may slow you when you take damage.
 f - a scarf of repulsion (worn)
Jewellery
 i - a +4 ring of protection (left hand)
Potions
 b - a potion of invisibility {unknown}
 c - a potion of heal wounds {unknown}
 g - a potion of curing
 j - a potion of haste {unknown}

Dungeon Overview and Level Annotations

Branches:
Dungeon (3/15)

Altars:
Trog

Shops:
D:2 (

Annotations:
D:3 1 transporter, Natasha; qw's ghost, amateur TeWr


Message History

Natasha claws you.
You hit Natasha but do no damage. Your kick misses Natasha.
You peck Natasha, but do no damage.
Natasha is almost dead.
You hit the shadow imp. The shadow imp closely misses you.
Natasha closely misses you.
The crimson imp blinks!
The shadow imp closely misses you.
You hit Natasha. Your kick misses Natasha.
Natasha is almost dead.
You hit the shadow imp. Natasha claws you.
The shadow imp hits you but does no damage.
Natasha claws you but does no damage. The shadow imp closely misses you.
You hit Natasha.
You kill Natasha!
Natasha growls in agony!
The shadow imp disappears in a puff of smoke!
The crimson imp disappears in a puff of smoke!
Your Axes skill increases to level 5!
You start resting.
Natasha, Servant of Life and Death comes into view.
She is carrying a wand of flame (16).
Natasha wildly gestures.
Natasha shimmers violently.
Natasha zaps a wand.
The puff of flame hits you.
Natasha howls an incantation.
Natasha glows brightly for a moment.
You feel yourself speed up.
Natasha zaps a wand.
The puff of flame hits you!
Natasha mumbles some strange words.
The white imp shouts, "Scamper away, thou canting pigeon-toed joithead!"
Natasha claws you but does no damage.
You hit Natasha.
Natasha is moderately wounded.
Natasha claws you but does no damage.
You hit Natasha.
Natasha is severely wounded.
You barely miss the white imp. The white imp gestures at you.
The puff of frost hits you. You resist.
You die...

### .#.#.... ... ......###
#..#.#..... #..#.#...# ##
#.......## #. ..
####.#.....### ... ^.
#...(.......?##.... ##
#.##.........<.....
##......@.##... ..
##.....5h...... ..
##...##........# .
##..##........#
##.##........#
#.#######.###.......#..##...
#.......#.##........#..#8...
#######.............#..##...
###.#...##.#..#.......


You could see Natasha and a white imp (summoned).

Vanquished Creatures
  Natasha (D:3)
  An adder (D:2)
  A dart slug (D:1)
  4 bats
  An endoplasm (D:3)
  2 giant cockroaches
  6 goblins
  6 hobgoblins
  6 kobolds
  3 quokkas
  9 ball pythons
  2 frilled lizards
  12 rats
54 creatures vanquished.

Notes
Turn   | Place    | Note
-------+----------+-------------------------------------------
     0 | D:1      | qw the Tengu Warper began the quest for the Orb.
     0 | D:1      | Reached XP level 1. HP: 12/12 MP: 4/4
     0 | D:1      | 0 ||| qw: Version: 0.1-a-89-g26bdef1
     0 | D:1      | 0 ||| qw: Game counter: 1453
     0 | D:1      | 0 ||| qw: Always use a shield: true
     0 | D:1      | 0 ||| qw: God list: Okawaru
     0 | D:1      | 0 ||| qw: Allow faded altars: false
     0 | D:1      | 0 ||| qw: Do Orc after D:15 true
     0 | D:1      | 0 ||| qw: Do second Lair branch before Depths: true
     0 | D:1      | 0 ||| qw: Lair rune preference: random
     0 | D:1      | 0 ||| qw: Plans: Normal
     0 | D:1      | 0 ||| PLANNING D:1-11
   226 | D:1      | Reached skill level 3 in Axes
   226 | D:1      | Reached XP level 2. HP: 11/17 MP: 6/6
   340 | D:1      | 340 ||| Stepping ~*~*~tactically~*~*~ (stealth).
   382 | D:1      | Found a faded altar of an unknown god.
   601 | D:1      | 601 ||| Stepping ~*~*~tactically~*~*~ (stealth).
   629 | D:1      | 629 ||| Stepping ~*~*~tactically~*~*~ (stealth).
   631 | D:1      | 631 ||| Stepping ~*~*~tactically~*~*~ (stealth).
   684 | D:1      | 684 ||| Stepping ~*~*~tactically~*~*~ (stealth).
   689 | D:1      | 689 ||| Stepping ~*~*~tactically~*~*~ (stealth).
   761 | D:1      | 761 ||| Stepping ~*~*~tactically~*~*~ (hiding).
   762 | D:1      | 762 ||| Stepping ~*~*~tactically~*~*~ (hiding).
   792 | D:1      | 792 ||| DROPPING +0 club.
   819 | D:1      | Reached XP level 3. HP: 21/21 MP: 7/7
   915 | D:1      | 915 ||| UPGRADING to +0 scale mail.
   925 | D:1      | 925 ||| DROPPING +0 leather armour.
   926 | D:1      | 926 ||| UPGRADING to scarf of repulsion.
   931 | D:1      | 931 ||| READING scroll labelled FEUCYAD TUXOZ.
   932 | D:1      | 932 ||| DRINKING 2 golden potions.
   933 | D:1      | 933 ||| DROPPING scroll of blinking.
  1005 | D:2      | 1005 ||| STAIRDANCE
  1123 | D:2      | 1123 ||| Stepping ~*~*~tactically~*~*~ (stealth).
  1179 | D:2      | Reached skill level 4 in Axes
  1248 | D:2      | Identified the +0 ring mail of Wyetuetasm {*Slow Fly rPois
                  | rC++}
  1300 | D:2      | Found Qahihiff's Weapon Shoppe.
  1401 | D:2      | Found a bloodstained altar of Trog.
  1647 | D:2      | 1647 ||| UPGRADING to +0 chain mail.
  1657 | D:2      | 1657 ||| DROPPING +0 scale mail.
  1658 | D:2      | 1658 ||| UPGRADING to +0 ring mail of Wyetuetasm {*Slow Fly
                  | rPois rC++}.
  1668 | D:2      | 1668 ||| UPGRADING to +4 ring of protection.
  1669 | D:2      | 1669 ||| READING scroll labelled HAJOXO VINISK.
  1673 | D:2      | 1673 ||| READING scroll labelled NEXEESSONAG.
  1726 | D:3      | Reached XP level 4. HP: 26/26 MP: 8/8
  1751 | D:3      | Found a transporter.
  1751 | D:3      | Noticed qw's ghost (amateur TeWr)
  1753 | D:3      | 1753 ||| Stepping ~*~*~tactically~*~*~ (stealth).
  1853 | D:3      | Noticed Natasha
  1865 | D:3      | Killed Natasha
  1866 | D:3      | Reached skill level 5 in Axes
  1867 | D:3      | Noticed Natasha
  1869 | D:3      | HP: 1/26 [Natasha/puff of flame (10)]
  1873 | D:3      | Killed from afar by a white imp

Levels and vault maps discovered:
D:1:      wander_arrival_fairy_ring, layout_loops_ring,
          hellmonk_ecumenical_altar_arch_garden, amethyst_killhole
D:2:      layout_basic, serial_shops, nicolae_shop_statue_plus, basic_altar,
          minmay_rat_gold_closets
D:3:      layout_loops_ring, gammafunk_ghost_mausoleum, chequers_jeans,
          uniq_natasha

Skill      XL: |  1  2  3  4 |
---------------+-------------+-----
Axes           | 3 4 5 |  5.1
Fighting       | |  2.0
Throwing       | |  1.0
Armour         | |  1.1
Dodging        | |  2.1
Spellcasting   | |  2.0
Translocations | |  2.4

Action                   |  1- 3 |  4- 6 || total
-------------------------+-------+-------++-------
Melee: Hand axe          |    82 |    23 ||   105
       Kick              |    19 |     5 ||    24
       Punch             |     1 |       ||     1
       Peck              |     2 |     2 ||     4
Throw: Boomerang         |     7 |       ||     7
  Use: Scroll            |     3 |       ||     3
       Potion            |     1 |       ||     1
Armor: Leather armour    |     1 |       ||     1
       Scale mail        |    15 |       ||    15
       Ring mail         |     1 |    14 ||    15
Dodge: Dodged            |    34 |    13 ||    47
       Repelled          |       |     1 ||     1

Table legend:
 A = Non-vault XP
 B = Vault XP
 C = Vault XP percentage of total XP
 D = Non-vault monster count
 E = Vault monster count
 F = Vault count percentage of total count
                 A         B        C        D         E       F
            +---------+---------+-------+---------+---------+-------
      Total |      83 |      42 |  33.6 |      46 |       8 |  14.8
            +---------+---------+-------+---------+---------+-------
        D:1 |      35 |       0 |   0.0 |      20 |       0 |   0.0
        D:2 |      36 |       7 |  16.3 |      18 |       7 |  28.0
        D:3 |      12 |      35 |  74.5 |       8 |       1 |  11.1
            +---------+---------+-------+---------+---------+-------
